[Event "FICS rated blitz game"]
[Site "FICS freechess.org"]
[FICSGamesDBGameNo "20003174"]
[White "torw"]
[Black "gwoya"]
[WhiteElo "1732"]
[BlackElo "1760"]
[WhiteRD "na"]
[BlackRD "na"]
[TimeControl "180+0"]
[Date "1999.10.28"]
[Time "03:28:00"]
[WhiteClock "0:03:00.000"]
[BlackClock "0:03:00.000"]
[ECO "D00"]
[PlyCount "114"]
[Result "1/2-1/2"]

1. e4 d5 2. d4 dxe4 3. f3 exf3 4. Nxf3 Nf6 5. Bc4 Bg4 6. Bxf7+ Kxf7 7. Ne5+ Ke8 8. Nxg4 Nc6 9. c3 Qd7 10. Nxf6+ exf6 11. O-O Bd6 12. Qe2+ Qe7 13. Re1 Kf7 14. Qxe7+ Bxe7 15. Nd2 Rhe8 16. Ne4 Bd6 17. Bd2 Bf8 18. b4 h6 19. Nc5 Bxc5 20. bxc5 Rxe1+ 21. Rxe1 Re8 22. Rxe8 Kxe8 23. Bf4 Kd7 24. Kf2 Na5 25. Ke3 Nc4+ 26. Kd3 Nb2+ 27. Kc2 Nc4 28. Kd3 Na5 29. h4 b6 30. cxb6 axb6 31. c4 c5 32. d5 Nb7 33. Bb8 g5 34. hxg5 fxg5 35. Ke4 Nd6+ 36. Kd3 Nf5 37. Ke4 Nh4 38. g3 Ng6 39. Kf5 Ne7+ 40. Kf6 b5 41. cxb5 Nxd5+ 42. Kg6 Nc3 43. a3 Nxb5 44. a4 Nd4 45. a5 Kc6 46. Be5 Nf3 47. Bc3 Kb5 48. Kxh6 Ka6 49. Kh5 c4 50. Kg4 Ng1 51. Kxg5 Ne2 52. Bd2 c3 53. Bxc3 Nxc3 54. Kf6 Kxa5 55. g4 Kb5 56. g5 Ne4+ 57. Kf5 Nxg5 {Neither player has mating material} 1/2-1/2

[Event "FICS rated blitz game"]
[Site "FICS freechess.org"]
[FICSGamesDBGameNo "20003172"]
[White "bukarest"]
[Black "Cyber"]
[WhiteElo "1593"]
[BlackElo "1685"]
[WhiteRD "na"]
[BlackRD "na"]
[TimeControl "180+0"]
[Date "1999.10.28"]
[Time "03:27:00"]
[WhiteClock "0:03:00.000"]
[BlackClock "0:03:00.000"]
[ECO "B02"]
[PlyCount "131"]
[Result "1/2-1/2"]

1. e4 Nf6 2. Nc3 d5 3. exd5 Nxd5 4. Be2 c6 5. Nf3 g6 6. O-O Bg7 7. d4 O-O 8. Ne5 Nd7 9. Nxd7 Bxd7 10. Bf3 Bf5 11. Qd2 e6 12. Ne2 Rc8 13. Ng3 Qh4 14. Nxf5 gxf5 15. g3 Qf6 16. Bxd5 cxd5 17. c3 Kh8 18. Qg5 Qxg5 19. Bxg5 Rc6 20. Be3 Rb6 21. Rab1 Rb5 22. a4 Ra5 23. b3 b5 24. Ra1 bxa4 25. Rxa4 Rxa4 26. bxa4 Rb8 27. Ra1 Rb3 28. Bd2 e5 29. a5 exd4 30. cxd4 Bxd4 31. Re1 Rb2 32. Be3 Bxe3 33. Rxe3 Ra2 34. Re5 Rxa5 35. Rxf5 Kg7 36. Rg5+ Kf6 37. Rg4 Ra1+ 38. Kg2 a5 39. Rh4 a4 40. Rxh7 a3 41. Rh6+ Ke5 42. Ra6 d4 43. Kf3 Kd5 44. h4 Kc4 45. h5 d3 46. Ke3 Kc3 47. h6 Re1+ 48. Kf3 d2 49. Rxa3+ Kb2 50. Rd3 d1=Q+ 51. Rxd1 Rxd1 52. Kg2 Rd8 53. g4 f6 54. f4 Kc3 55. Kg3 Kd4 56. Kh4 Ke4 57. g5 Kf5 58. Kh5 fxg5 59. fxg5 Rg8 60. h7 Rxg5+ 61. Kh4 Rg1 62. Kh3 Rh1+ 63. Kg2 Rxh7 64. Kf3 Ra7 65. Ke3 Ra4 66. Kd3 {Black ran out of time and White has no material to mate} 1/2-1/2

[Event "FICS rated blitz game"]
[Site "FICS freechess.org"]
[FICSGamesDBGameNo "20003170"]
[White "civet"]
[Black "minorlexicon"]
[WhiteElo "1284"]
[BlackElo "1559"]
[WhiteRD "na"]
[BlackRD "na"]
[TimeControl "120+12"]
[Date "1999.10.28"]
[Time "00:18:00"]
[WhiteClock "0:02:00.000"]
[BlackClock "0:02:00.000"]
[ECO "B21"]
[PlyCount "41"]
[Result "1-0"]

1. e4 c5 2. d4 cxd4 3. c3 d3 4. Bxd3 Nc6 5. Nf3 d6 6. O-O Nf6 7. Nbd2 e6 8. b4 Be7 9. Nb3 O-O 10. a3 Qc7 11. Bd2 Bd7 12. Qe2 Rac8 13. Nbd4 Ne5 14. Nxe5 dxe5 15. Nf3 a6 16. Rac1 b5 17. c4 Qb7 18. Nxe5 bxc4 19. Nxc4 Bb5 20. Rfe1 Rfd8 21. Bg5 {Black forfeits on time} 1-0

[Event "FICS rated standard game"]
[Site "FICS freechess.org"]
[FICSGamesDBGameNo "20003169"]
[White "lance"]
[Black "Lomboc"]
[WhiteElo "2267"]
[BlackElo "1769"]
[WhiteRD "na"]
[BlackRD "na"]
[TimeControl "1800+0"]
[Date "1999.10.27"]
[Time "23:22:00"]
[WhiteClock "0:30:00.000"]
[BlackClock "0:30:00.000"]
[ECO "D46"]
[PlyCount "67"]
[Result "1-0"]

1. d4 Nf6 2. c4 e6 3. Nf3 d5 4. e3 Nbd7 5. Nc3 c6 6. Bd3 Be7 7. O-O O-O 8. Bd2 b6 9. cxd5 Nxd5 10. e4 Nxc3 11. bxc3 c5 12. Be3 Bb7 13. Qe2 Qc7 14. Rfd1 c4 15. Bc2 Rfd8 16. Rab1 Nf8 17. Nd2 Rac8 18. Qg4 e5 19. d5 Rd6 20. Qe2 f5 21. exf5 Bxd5 22. Ne4 Bxe4 23. Bxe4 Rcd8 24. Rxd6 Rxd6 25. Rd1 Nd7 26. Rxd6 Bxd6 27. Bd5+ Kh8 28. Qxc4 Nc5 29. Qb5 Qe7 30. Qc6 Nd7 31. Bc4 h6 32. Qc8+ Nf8 33. Qa8 Kh7 34. Qd5 {Black resigns} 1-0

[Event "FICS rated blitz game"]
[Site "FICS freechess.org"]
[FICSGamesDBGameNo "20003167"]
[White "INYOURFACE"]
[Black "mhawk"]
[WhiteElo "983"]
[BlackElo "1128"]
[WhiteRD "na"]
[BlackRD "na"]
[TimeControl "180+0"]
[Date "1999.10.27"]
[Time "23:17:00"]
[WhiteClock "0:03:00.000"]
[BlackClock "0:03:00.000"]
[ECO "A00"]
[PlyCount "59"]
[Result "1-0"]

1. g3 b6 2. Bg2 d5 3. c4 Bb7 4. Qa4+ Bc6 5. Qb4 e6 6. Qc3 Qf6 7. d3 Qxc3+ 8. Nxc3 Nf6 9. cxd5 exd5 10. f3 Bb4 11. Rb1 d4 12. a3 Bxc3+ 13. bxc3 dxc3 14. Nh3 O-O 15. Ng5 Nbd7 16. Rb3 Nd5 17. Ne4 Ba4 18. Rb1 c2 19. Ra1 c5 20. Nd6 b5 21. Nb7 c4 22. dxc4 bxc4 23. f4 Rab8 24. Nd6 Rb1 25. Kd2 Rxa1 26. e3 N7b6 27. e4 Ne7 28. Bf1 Rd8 29. e5 Nec8 30. h3 {Black forfeits on time} 1-0

[Event "FICS rated lightning game"]
[Site "FICS freechess.org"]
[FICSGamesDBGameNo "20003166"]
[White "Jaque"]
[Black "erratic"]
[WhiteElo "1918"]
[BlackElo "1767"]
[WhiteRD "na"]
[BlackRD "na"]
[TimeControl "60+0"]
[Date "1999.10.27"]
[Time "22:30:00"]
[WhiteClock "0:01:00.000"]
[BlackClock "0:01:00.000"]
[ECO "B22"]
[PlyCount "92"]
[Result "0-1"]

1. e4 c5 2. Nf3 Nc6 3. c3 d5 4. exd5 Qxd5 5. Bb5 Bg4 6. Be2 Nf6 7. O-O e5 8. d3 Be7 9. h3 Bh5 10. Bg5 O-O 11. Bxf6 Bxf6 12. Nbd2 b6 13. Ne4 Be7 14. Nfd2 Bxe2 15. Qxe2 Rad8 16. Nc4 Qxd3 17. Qxd3 Rxd3 18. Rad1 Rfd8 19. Rxd3 Rxd3 20. a4 f5 21. Ng3 g6 22. Re1 e4 23. Ne3 f4 24. Ng4 fxg3 25. fxg3 h5 26. Nf2 Rd2 27. Nxe4 Rxb2 28. Nf2 Rc2 29. Rd1 Rxc3 30. Rd7 Kf8 31. Rd2 Rc1+ 32. Kh2 Ra1 33. Ne4 Rxa4 34. Nd6 Rd4 35. Rxd4 Nxd4 36. Nc4 b5 37. Nd2 a6 38. Kg1 c4 39. Kf1 Nb3 40. Nb1 b4 41. Ke2 c3 42. Kd1 Nd4 43. Nxc3 bxc3 44. Kc1 Bb4 45. Kd1 a5 46. Kc1 a4 {White forfeits on time} 0-1

[Event "FICS rated blitz game"]
[Site "FICS freechess.org"]
[FICSGamesDBGameNo "20003165"]
[White "chessISevil"]
[Black "westport"]
[WhiteElo "1757"]
[BlackElo "1521"]
[WhiteRD "na"]
[BlackRD "na"]
[TimeControl "300+0"]
[Date "1999.10.27"]
[Time "22:04:00"]
[WhiteClock "0:05:00.000"]
[BlackClock "0:05:00.000"]
[ECO "B22"]
[PlyCount "54"]
[Result "1-0"]

1. e4 c5 2. c3 Nf6 3. d3 d6 4. f4 Nc6 5. Nf3 g6 6. g3 Bg7 7. Bg2 O-O 8. O-O Bd7 9. h3 Nh5 10. Kh2 f5 11. Be3 fxe4 12. dxe4 Qc7 13. Nbd2 e5 14. Ng5 Kh8 15. Nc4 h6 16. f5 hxg5 17. fxg6 Rxf1 18. Bxf1 Nf6 19. Nxd6 Be6 20. Bxg5 Rd8 21. Bxf6 Bxf6 22. Qh5+ Kg8 23. Nf7 Bxf7 24. Qh7+ Kf8 25. Bc4 Bxc4 26. Qxc7 Rd2+ 27. Kh1 Ne7 {Black resigns} 1-0

[Event "FICS rated lightning game"]
[Site "FICS freechess.org"]
[FICSGamesDBGameNo "20003164"]
[White "TheLongOne"]
[Black "Faygoredpop"]
[WhiteElo "1950"]
[BlackElo "2042"]
[WhiteRD "na"]
[BlackRD "na"]
[TimeControl "60+0"]
[Date "1999.10.27"]
[Time "22:02:00"]
[WhiteClock "0:01:00.000"]
[BlackClock "0:01:00.000"]
[ECO "A00"]
[PlyCount "62"]
[Result "0-1"]

1. d3 e5 2. e4 Nc6 3. Nc3 f5 4. exf5 Nf6 5. Bg5 Bc5 6. g4 d5 7. Bg2 O-O 8. Nxd5 Kh8 9. Nxf6 gxf6 10. Bh6 Rg8 11. Be3 Bxe3 12. fxe3 Bxf5 13. Bxc6 bxc6 14. gxf5 Qd5 15. Qf3 Qa5+ 16. c3 Qb6 17. O-O-O Rab8 18. Rd2 a5 19. Nh3 a4 20. Rg2 a3 21. Rxg8+ Rxg8 22. b3 Qc5 23. Kd2 Qd6 24. Rg1 Rd8 25. d4 c5 26. Qg3 Qd7 27. Ke2 cxd4 28. cxd4 exd4 29. exd4 Qb5+ 30. Kd2 Rxd4+ 31. Kc3 Qc5# {White checkmated} 0-1

[Event "FICS rated blitz game"]
[Site "FICS freechess.org"]
[FICSGamesDBGameNo "20003163"]
[White "sexygrl"]
[Black "crazyyugo"]
[WhiteElo "1274"]
[BlackElo "1291"]
[WhiteRD "na"]
[BlackRD "na"]
[TimeControl "120+12"]
[Date "1999.10.27"]
[Time "20:41:00"]
[WhiteClock "0:02:00.000"]
[BlackClock "0:02:00.000"]
[ECO "D00"]
[PlyCount "74"]
[Result "0-1"]

1. d4 d5 2. e3 Nc6 3. Bd3 e6 4. c3 a6 5. Nd2 Bd7 6. f4 f5 7. Ngf3 Qe7 8. O-O O-O-O 9. Ne5 Nxe5 10. fxe5 g5 11. c4 dxc4 12. Nxc4 h5 13. Bd2 g4 14. Rc1 Bc6 15. Ba5 Qe8 16. Qb3 Ba4 17. Nd6+ Bxd6 18. Rxc7+ Bxc7 19. Qc3 Bc6 20. d5 Rxd5 21. Bxc7 Kxc7 22. e4 Rxd3 23. Qxd3 Qd7 24. Qxd7+ Kxd7 25. exf5 exf5 26. Rxf5 Ke6 27. Rg5 Ne7 28. b3 Be4 29. Kf2 Bf5 30. Ke1 Kxe5 31. Kf2 Ng6 32. h3 Kf6 33. hxg4 hxg4 34. Rxf5+ Kxf5 35. Kg3 Rd8 36. a4 Rd3+ 37. Kf2 Kf4 {White resigns} 0-1

[Event "FICS rated blitz game"]
[Site "FICS freechess.org"]
[FICSGamesDBGameNo "20003161"]
[White "LaDeDa"]
[Black "KrustyBoy"]
[WhiteElo "1286"]
[BlackElo "1283"]
[WhiteRD "na"]
[BlackRD "na"]
[TimeControl "240+0"]
[Date "1999.10.27"]
[Time "19:25:00"]
[WhiteClock "0:04:00.000"]
[BlackClock "0:04:00.000"]
[ECO "C50"]
[PlyCount "106"]
[Result "1-0"]

1. e4 e5 2. Nf3 Nc6 3. Bc4 d6 4. d3 h6 5. Nc3 Nf6 6. Be3 Qe7 7. Qd2 Be6 8. Bxe6 Qxe6 9. O-O Nd4 10. Qd1 Nxf3+ 11. Qxf3 Be7 12. Qd1 O-O 13. Qd2 Ng4 14. f4 Nxe3 15. Qxe3 exf4 16. Qxf4 Bg5 17. Qf3 f6 18. Rf2 Rf7 19. Raf1 Raf8 20. Nd5 c6 21. Nc3 b5 22. Qf5 Qxf5 23. Rxf5 Kh7 24. b3 Bd2 25. Ne2 Be3+ 26. Kh1 g5 27. Ng3 Kg6 28. Ne2 h5 29. c4 bxc4 30. bxc4 c5 31. Nc3 Bd4 32. Nd5 Be5 33. h3 h4 34. Rb1 a5 35. Rb5 a4 36. Ra5 Bg3 37. Rxa4 Bf2 38. Rxf2 f5 39. exf5+ Rxf5 40. Rxf5 Rxf5 41. Ne7+ Kf6 42. Nxf5 Kxf5 43. Ra3 Ke5 44. Rb3 d5 45. cxd5 Kxd5 46. a4 Kd4 47. a5 c4 48. dxc4 Kxc4 49. Ra3 Kb4 50. Ra1 Kb5 51. a6 Kb6 52. a7 Kb7 53. a8=Q+ Kb6 {Black resigns} 1-0

[Event "FICS rated blitz game"]
[Site "FICS freechess.org"]
[FICSGamesDBGameNo "20003160"]
[White "Bogardan"]
[Black "Danilov"]
[WhiteElo "1351"]
[BlackElo "1438"]
[WhiteRD "na"]
[BlackRD "na"]
[TimeControl "300+0"]
[Date "1999.10.27"]
[Time "18:21:00"]
[WhiteClock "0:05:00.000"]
[BlackClock "0:05:00.000"]
[ECO "B06"]
[PlyCount "55"]
[Result "1-0"]

1. e4 g6 2. Nf3 Bg7 3. e5 Nc6 4. d4 d6 5. Bb5 Bd7 6. Bg5 dxe5 7. Bxc6 Bxc6 8. Nxe5 Bxg2 9. Rg1 Bd5 10. Nc3 Nf6 11. Qe2 O-O 12. Qb5 e6 13. O-O-O a6 14. Qe2 c6 15. h4 b5 16. Bxf6 Bxf6 17. h5 b4 18. Nxd5 Qxd5 19. hxg6 fxg6 20. Nxg6 hxg6 21. Rxg6+ Bg7 22. Qg4 Ra7 23. Rg1 Qd7 24. Rh1 Rxf2 25. Rgh6 Kf7 26. Rh7 Kf8 27. Rg1 Kf7 28. Rxg7+ {Black forfeits on time} 1-0

[Event "FICS rated blitz game"]
[Site "FICS freechess.org"]
[FICSGamesDBGameNo "20003159"]
[White "Tigas"]
[Black "nonspiego"]
[WhiteElo "1866"]
[BlackElo "2084"]
[WhiteRD "na"]
[BlackRD "na"]
[TimeControl "180+0"]
[Date "1999.10.27"]
[Time "17:30:00"]
[WhiteClock "0:03:00.000"]
[BlackClock "0:03:00.000"]
[ECO "A34"]
[PlyCount "99"]
[Result "1-0"]

1. c4 Nf6 2. Nc3 c5 3. Nf3 d5 4. cxd5 Nxd5 5. d3 Nc6 6. g3 Nc7 7. Bg2 g6 8. O-O Bg7 9. Be3 b6 10. h4 O-O 11. Qc1 Bg4 12. Bh6 Rc8 13. Bxg7 Kxg7 14. Ne4 f6 15. a3 Qd7 16. Kh2 Nb5 17. Nc3 Nbd4 18. Nxd4 cxd4 19. Ne4 Bxe2 20. Re1 Bxd3 21. Qd2 Ba6 22. Rac1 Bb7 23. h5 e5 24. h6+ Kh8 25. Bh3 f5 26. Ng5 Qd6 27. b4 Rce8 28. Qa2 Nd8 29. Rcd1 Qf6 30. f4 e4 31. Qc4 d3 32. Qc7 Qe7 33. Qc3+ Qf6 34. Qd2 Bd5 35. Qe3 Nf7 36. Nxf7+ Bxf7 37. Rd2 Rc8 38. Rdd1 Rc7 39. Rc1 Rfc8 40. Rxc7 Rxc7 41. Rc1 Rxc1 42. Qxc1 Be8 43. Qc7 Qf7 44. Qc3+ Kg8 45. Bf1 Qe7 46. Qd2 g5 47. fxg5 e3 48. Qxd3 Qxg5 49. Qd5+ Kh8 50. Qe5+ {Black forfeits on time} 1-0

[Event "FICS rated blitz game"]
[Site "FICS freechess.org"]
[FICSGamesDBGameNo "20003158"]
[White "joakim"]
[Black "Psolis"]
[WhiteElo "1880"]
[BlackElo "1797"]
[WhiteRD "na"]
[BlackRD "na"]
[TimeControl "300+0"]
[Date "1999.10.27"]
[Time "17:27:00"]
[WhiteClock "0:05:00.000"]
[BlackClock "0:05:00.000"]
[ECO "B19"]
[PlyCount "74"]
[Result "0-1"]

1. e4 c6 2. d4 d5 3. Nc3 dxe4 4. Nxe4 Bf5 5. Ng3 Bg6 6. h4 h6 7. h5 Bh7 8. Nf3 Nd7 9. Bd3 Bxd3 10. Qxd3 Qc7 11. Bd2 Ngf6 12. Ne4 Nxe4 13. Qxe4 e6 14. O-O-O O-O-O 15. c4 c5 16. Kb1 Nf6 17. Qh4 cxd4 18. Nxd4 a6 19. Be3 Kb8 20. Rc1 Ka8 21. Rhd1 Be7 22. Qh3 Bd6 23. g3 Be5 24. Qh4 Rd7 25. Nb3 Rhd8 26. Rxd7 Rxd7 27. a3 Rd3 28. Ka2 Nd7 29. c5 Nb8 30. Qc4 Rd8 31. Qa4 Qc6 32. Qc4 Qd5 33. Qa4 Nc6 34. Rc2 Bd4 35. Bxd4 Nxd4 36. Qxd4 Qxd4 37. Nxd4 Rxd4 {White forfeits on time} 0-1

[Event "FICS rated blitz game"]
[Site "FICS freechess.org"]
[FICSGamesDBGameNo "20003156"]
[White "tjosan"]
[Black "Odranoel"]
[WhiteElo "1278"]
[BlackElo "1052"]
[WhiteRD "na"]
[BlackRD "na"]
[TimeControl "180+5"]
[Date "1999.10.27"]
[Time "17:16:00"]
[WhiteClock "0:03:00.000"]
[BlackClock "0:03:00.000"]
[ECO "C34"]
[PlyCount "27"]
[Result "1-0"]

1. e4 e5 2. f4 exf4 3. Nf3 Nc6 4. Bc4 Bc5 5. d4 Bb6 6. Bxf4 d6 7. O-O Qf6 8. Bg5 Qg6 9. Kh1 h6 10. Bh4 Qxe4 11. Re1 Qxe1+ 12. Qxe1+ Nge7 13. d5 Nb4 14. Qxe7# {Black checkmated} 1-0

[Event "FICS rated blitz game"]
[Site "FICS freechess.org"]
[FICSGamesDBGameNo "20003155"]
[White "NickeJ"]
[Black "bmilk"]
[WhiteElo "1721"]
[BlackElo "1712"]
[WhiteRD "na"]
[BlackRD "na"]
[TimeControl "240+0"]
[Date "1999.10.27"]
[Time "16:50:00"]
[WhiteClock "0:04:00.000"]
[BlackClock "0:04:00.000"]
[ECO "A00"]
[PlyCount "65"]
[Result "1-0"]

1. d3 c5 2. h4 Nc6 3. g4 d5 4. e3 e5 5. Bh3 Nf6 6. Bd2 Bd6 7. Qe2 h6 8. f4 Be6 9. f5 Bd7 10. Nc3 a6 11. O-O-O d4 12. exd4 Nxd4 13. Qg2 Bc6 14. Ne4 Nxe4 15. dxe4 Qxh4 16. g5 Bxe4 17. Qh2 Bxh1 18. Qxh1 Rb8 19. gxh6 gxh6 20. c3 Nxf5 21. Nf3 Qe4 22. Bxf5 Qxf5 23. Nh4 Qe6 24. Qe4 Qxa2 25. Kc2 c4 26. Bf4 Qa4+ 27. Kc1 Rd8 28. Bxe5 Qxd1+ 29. Kxd1 Bxe5+ 30. Kc2 f6 31. Qxb7 O-O 32. Nf5 Rd3 33. Qg7# {Black checkmated} 1-0

[Event "FICS rated blitz game"]
[Site "FICS freechess.org"]
[FICSGamesDBGameNo "20003154"]
[White "tsar"]
[Black "Steek"]
[WhiteElo "1434"]
[BlackElo "1305"]
[WhiteRD "na"]
[BlackRD "na"]
[TimeControl "120+12"]
[Date "1999.10.27"]
[Time "16:50:00"]
[WhiteClock "0:02:00.000"]
[BlackClock "0:02:00.000"]
[ECO "A52"]
[PlyCount "53"]
[Result "1-0"]

1. d4 Nf6 2. c4 e5 3. dxe5 Ng4 4. Nf3 d6 5. exd6 Bxd6 6. h3 Nxf2 7. Kxf2 Bg3+ 8. Kxg3 Qxd1 9. Nc3 Qd6+ 10. Bf4 Qb4 11. e4 O-O 12. Be2 Nc6 13. Nd5 Qxb2 14. Rhe1 Nd4 15. Nxd4 Qxd4 16. Nxc7 Rb8 17. Nb5 Qxe4 18. Bxb8 Bf5 19. Bd6 Rd8 20. c5 b6 21. Bf3 Qd3 22. Rad1 Qxb5 23. c6 Bc2 24. c7 Rc8 25. Bg4 Qg5 26. Bf4 Qg6 27. Rd8+ {Black resigns} 1-0

[Event "FICS rated lightning game"]
[Site "FICS freechess.org"]
[FICSGamesDBGameNo "20003152"]
[White "MDerby"]
[Black "Hellkite"]
[WhiteElo "1460"]
[BlackElo "1551"]
[WhiteRD "na"]
[BlackRD "na"]
[TimeControl "60+0"]
[Date "1999.10.27"]
[Time "16:38:00"]
[WhiteClock "0:01:00.000"]
[BlackClock "0:01:00.000"]
[ECO "B21"]
[PlyCount "68"]
[Result "0-1"]

1. e4 c5 2. Nf3 e6 3. d4 cxd4 4. c3 dxc3 5. Nxc3 Qc7 6. Bd3 a6 7. Qe2 d6 8. O-O Nd7 9. Bf4 Ne7 10. a4 Ng6 11. b4 Nxf4 12. Qe3 Nxd3 13. Qxd3 Be7 14. Rac1 Qb8 15. b5 axb5 16. Nxb5 Nc5 17. Nc7+ Qxc7 18. Rxc5 Qxc5 19. Nd4 Bd7 20. Nb3 Qb4 21. Rc1 Qxa4 22. Rc8+ Rxc8 23. Nc5 dxc5 24. g3 Qa1+ 25. Kg2 Bc6 26. f3 Qb2+ 27. Kh3 O-O 28. g4 Rfd8 29. Qe3 Qf6 30. Kg3 Qh4+ 31. Kg2 Bg5 32. f4 Bf6 33. g5 Qg4+ 34. Kh1 Qd1+ {White forfeits on time} 0-1

[Event "FICS rated blitz game"]
[Site "FICS freechess.org"]
[FICSGamesDBGameNo "20003151"]
[White "Obsurfer"]
[Black "patrow"]
[WhiteElo "1624"]
[BlackElo "1236"]
[WhiteRD "na"]
[BlackRD "na"]
[TimeControl "120+12"]
[Date "1999.10.27"]
[Time "16:37:00"]
[WhiteClock "0:02:00.000"]
[BlackClock "0:02:00.000"]
[ECO "D06"]
[PlyCount "29"]
[Result "1-0"]

1. d4 d5 2. c4 Nf6 3. cxd5 Nxd5 4. Nf3 Nc6 5. e4 Nf6 6. Nc3 Bg4 7. d5 Na5 8. Be2 e6 9. O-O exd5 10. exd5 Bd6 11. Bb5+ c6 12. Re1+ Be7 13. d6 cxb5 14. Rxe7+ Kf8 15. Nxb5 {Black forfeits on time} 1-0

[Event "FICS rated blitz game"]
[Site "FICS freechess.org"]
[FICSGamesDBGameNo "20003150"]
[White "ESPERANZA"]
[Black "RJF"]
[WhiteElo "1854"]
[BlackElo "2138"]
[WhiteRD "na"]
[BlackRD "na"]
[TimeControl "180+0"]
[Date "1999.10.27"]
[Time "15:42:00"]
[WhiteClock "0:03:00.000"]
[BlackClock "0:03:00.000"]
[ECO "B32"]
[PlyCount "57"]
[Result "0-1"]

1. e4 c5 2. Nf3 Nc6 3. d4 cxd4 4. c3 d3 5. Bxd3 g6 6. O-O Bg7 7. Bg5 Nf6 8. Qe2 O-O 9. Nbd2 d6 10. Rfd1 Nd7 11. Bc4 Nc5 12. Rac1 Be6 13. Nd4 Bxc4 14. Nxc4 Rc8 15. Nxc6 Rxc6 16. e5 Ne6 17. Be3 d5 18. f4 Rxc4 19. Qxc4 dxc4 20. Rxd8 Rxd8 21. g3 Rd3 22. Kf2 b6 23. Ke2 f6 24. exf6 Bxf6 25. h4 Ng7 26. Rd1 Rxd1 27. Kxd1 Nf5 28. Bf2 e5 29. fxe5 {White resigns} 0-1

[Event "FICS rated blitz game"]
[Site "FICS freechess.org"]
[FICSGamesDBGameNo "20003149"]
[White "SimonT"]
[Black "SilverEye"]
[WhiteElo "1058"]
[BlackElo "1129"]
[WhiteRD "na"]
[BlackRD "na"]
[TimeControl "300+0"]
[Date "1999.10.27"]
[Time "15:41:00"]
[WhiteClock "0:05:00.000"]
[BlackClock "0:05:00.000"]
[ECO "B40"]
[PlyCount "49"]
[Result "1-0"]

1. Nf3 c5 2. d4 e6 3. e4 cxd4 4. Nxd4 Nf6 5. Bd3 Bc5 6. Be3 O-O 7. e5 Nd5 8. Qf3 Nxe3 9. Qxe3 Nc6 10. c3 Qa5 11. O-O Bxd4 12. cxd4 Qb6 13. b3 Nxd4 14. Qd2 Qc5 15. Re1 d6 16. Nc3 dxe5 17. Rac1 Qb4 18. Qe3 f6 19. Qe4 g6 20. Qe3 a6 21. Qd2 Nc6 22. Be4 f5 23. Bxc6 bxc6 24. Qe2 e4 25. f3 {Black forfeits on time} 1-0

[Event "FICS rated blitz game"]
[Site "FICS freechess.org"]
[FICSGamesDBGameNo "20003147"]
[White "Yates"]
[Black "EricBlair"]
[WhiteElo "1347"]
[BlackElo "1010"]
[WhiteRD "na"]
[BlackRD "na"]
[TimeControl "300+3"]
[Date "1999.10.27"]
[Time "14:30:00"]
[WhiteClock "0:05:00.000"]
[BlackClock "0:05:00.000"]
[ECO "C44"]
[PlyCount "41"]
[Result "1-0"]

1. e4 e5 2. Nf3 Nc6 3. d4 Nf6 4. d5 Nb4 5. a3 Nbxd5 6. exd5 Bc5 7. Nxe5 Qe7 8. Qe2 d6 9. Nd3 Ng4 10. Qxe7+ Kxe7 11. Nxc5 dxc5 12. f4 Bf5 13. h3 Nf6 14. c4 Ne4 15. Nd2 Ng3 16. Rg1 Nxf1 17. Rxf1 Bd3 18. Rf3 Rhe8 19. Rxd3 Kd7+ 20. Kf2 Rad8 21. Nf3 {Black resigns} 1-0

[Event "FICS rated blitz game"]
[Site "FICS freechess.org"]
[FICSGamesDBGameNo "20003146"]
[White "agkazama"]
[Black "JosephStorm"]
[WhiteElo "1305"]
[BlackElo "1307"]
[WhiteRD "na"]
[BlackRD "na"]
[TimeControl "120+12"]
[Date "1999.10.27"]
[Time "14:27:00"]
[WhiteClock "0:02:00.000"]
[BlackClock "0:02:00.000"]
[ECO "B32"]
[PlyCount "65"]
[Result "1-0"]

1. e4 c5 2. Nf3 Nc6 3. d4 cxd4 4. Nxd4 Nxd4 5. Qxd4 e6 6. e5 Qc7 7. Bd3 Bc5 8. Qe4 f6 9. exf6 Nxf6 10. Qf3 O-O 11. O-O d5 12. Nc3 Qb6 13. b3 Ne4 14. Qh5 Nxc3 15. Qxh7+ Kf7 16. Qg6+ Kg8 17. Bb2 Bxf2+ 18. Rxf2 Rxf2 19. Kh1 Rf6 20. Qh7+ Kf8 21. Bxc3 d4 22. Bd2 e5 23. a3 Qe6 24. Qh8+ Kf7 25. Bc4 Rh6 26. Bxh6 gxh6 27. Rf1+ Ke7 28. Qg7+ Kd6 29. Bxe6 Bxe6 30. Re1 Rc8 31. Qxe5+ Kd7 32. Qxe6+ Kd8 33. Qe7# {Black checkmated} 1-0

[Event "FICS rated blitz game"]
[Site "FICS freechess.org"]
[FICSGamesDBGameNo "20003142"]
[White "bertha"]
[Black "Chamaco"]
[WhiteElo "1976"]
[BlackElo "1854"]
[WhiteRD "na"]
[BlackRD "na"]
[TimeControl "300+0"]
[Date "1999.10.27"]
[Time "13:15:00"]
[WhiteClock "0:05:00.000"]
[BlackClock "0:05:00.000"]
[ECO "D02"]
[PlyCount "117"]
[Result "1/2-1/2"]

1. d4 d5 2. Nf3 e6 3. Bf4 c5 4. c3 Nc6 5. h3 Nf6 6. e3 Be7 7. Nbd2 b6 8. Bd3 Bb7 9. Qe2 O-O 10. O-O Nd7 11. e4 f6 12. exd5 exd5 13. Qe6+ Kh8 14. Rae1 Re8 15. Qxd5 Nb4 16. Qxb7 Nxd3 17. Bg3 Nxe1 18. Rxe1 Bf8 19. Re3 Rxe3 20. fxe3 Qe8 21. Kf2 cxd4 22. exd4 Qc8 23. Qxc8 Rxc8 24. Ne4 Re8 25. Nfd2 Kg8 26. Kf3 Kf7 27. Bd6 Re6 28. Bxf8 Nxf8 29. g4 h6 30. Nf1 Ng6 31. Nfg3 Nh4+ 32. Kf2 g6 33. d5 Re5 34. c4 f5 35. Nd6+ Kg7 36. Nb5 f4 37. Ne2 g5 38. Ned4 Re3 39. Nxa7 Rxh3 40. b3 Rh2+ 41. Kf1 Rxa2 42. Nc8 Ng6 43. Nxb6 Nf8 44. d6 Rd2 45. Nf5+ Kf6 46. c5 Ke6 47. c6 Rxd6 48. Nxd6 Kxd6 49. Nc4+ Kxc6 50. Ne5+ Kd5 51. Nf7 Ng6 52. Nxh6 Ne5 53. Kg2 Kd4 54. Nf5+ Kc3 55. Nd4 Nxg4 56. Ne6 Ne3+ 57. Kf3 Kxb3 58. Nxf4 gxf4 59. Kxf4 {Neither player has mating material} 1/2-1/2

[Event "FICS rated lightning game"]
[Site "FICS freechess.org"]
[FICSGamesDBGameNo "20003141"]
[White "joner"]
[Black "postbode"]
[WhiteElo "1910"]
[BlackElo "1958"]
[WhiteRD "na"]
[BlackRD "na"]
[TimeControl "60+0"]
[Date "1999.10.27"]
[Time "12:38:00"]
[WhiteClock "0:01:00.000"]
[BlackClock "0:01:00.000"]
[ECO "B21"]
[PlyCount "69"]
[Result "1-0"]

1. e4 c5 2. d4 cxd4 3. c3 Nf6 4. Nf3 Nxe4 5. Bc4 d5 6. Bb5+ Bd7 7. Qa4 e6 8. Ne5 Bd6 9. cxd4 O-O 10. Nxd7 Nxd7 11. Bxd7 Qf6 12. O-O Qh4 13. g3 Nxg3 14. fxg3 Bxg3 15. Qc2 Qxd4+ 16. Kg2 Bd6 17. Nc3 Rad8 18. Bb5 a6 19. Bd3 Qg4+ 20. Kh1 Qh3 21. Bf4 e5 22. Bg3 e4 23. Bxe4 dxe4 24. Nxe4 Bxg3 25. Nxg3 Qd7 26. Rf4 Qd3 27. Qxd3 Rxd3 28. Rc1 b5 29. Kg2 Rd2+ 30. Kh3 Rfd8 31. Rc7 f6 32. Re4 h6 33. Ree7 Kf8 34. Rf7+ Ke8 35. Rce7# {Black checkmated} 1-0